 Dungeon Crawl Stone Soup version 0.23.2-40-g277498a001 (webtiles) character file.

Game seed: 13179597186506373598

18 Frank2 the Ducker (level 2, -2/24 HPs)
             Began as a Demigod Gladiator on Aug 31, 2019.
             Killed from afar by Sigmund (7 damage)
             ... with a puff of flame
             ... on level 1 of the Dungeon.
             The game lasted 00:02:04 (1133 turns).

Frank2 the Ducker (Demigod Gladiator)               Turns: 1133, Time: 00:02:05

Health: -2/24      AC:  6    Str: 17    XL:     2   Next: 33%
Magic:  4/4        EV: 12    Int: 12    God:
Gold:   37         SH:  0    Dex: 17    Spells: 1/1 levels left

rFire    . . .     SeeInvis .   a - +0 war axe
rCold    . . .     Gourm    .   (no shield)
rNeg     . . .     Faith    .   e - +0 ring mail
rPois    .         Spirit   .   c - +0 helmet
rElec    .         Reflect  .   (no cloak)
rCorr    .         Harm     .   (no gloves)
MR       .....                  (no boots)
Stlth    +.........             (no amulet)
HPRegen  0.08/turn              (no ring)
MPRegen  0.09/turn              (no ring)

@: lethally poisoned (-2 -> -24)
A: high mp 1
a: no special abilities


You were on level 1 of the Dungeon.
You were hungry.

You visited 1 branch of the dungeon, and saw 2 of its levels.

You collected 37 gold pieces.

Inventory:

Hand Weapons
 a - a +0 war axe (weapon)
Missiles
 d - a throwing net (quivered)
Armour
 c - a +0 helmet (worn)
 e - a +0 ring mail (worn)
Potions
 i - a potion of brilliance {unknown}
 j - a potion of heal wounds {unknown}
Comestibles
 f - 3 rations


   Skills:
 + Level 1.8 Fighting
 + Level 3.0 Axes
 - Level 1.7 Throwing
 + Level 0.3 Armour
 + Level 3.0 Dodging


You had one spell level left.
You didn't know any spells.
Your spell library was empty.

Dungeon Overview and Level Annotations

Branches:
Dungeon (2/15)

Annotations:
D:1 Sigmund
D:2 Robin


Innate Abilities, Weirdness & Mutations

You have an increased reservoir of magic. (+10% MP)


Message History

Sigmund is moderately wounded.
You hit the goblin.
You feel sick.
Sigmund struggles against the net.
The goblin barely misses you.
Sigmund struggles against the net.
The goblin hits you with a +1 dagger of venom.
You are more poisoned.
You strike the helpless Sigmund from behind!
You hit Sigmund.
Sigmund is heavily wounded.
You slash the goblin!
You kill the goblin!
* * * LOW HITPOINT WARNING * * *
You feel very sick.
Sigmund struggles against the net.
You hit Sigmund.
Sigmund is severely wounded.
* * * LOW HITPOINT WARNING * * *
You feel sick.
Sigmund points at you and mumbles some strange words.
The puff of flame hits you!
You die...

#..........# #.# #.# #.# #.#
#.#.######## #.# #.# #.###.#
#...# ##'## #.# #..##.# ##.##
##...## #.# ##.##.# #.###
##.....## #.####.##.# #.#.##
##.......## #.#.##.##.#
#....####.........###.........#
#.......'.........'............
#>...####.....@...####...#.####
#.#.## ##....)@.## ##.##.#
#.### ##.....## ####.## #.#
##...## ##.#.## #.# ##'##
#####.###.## #.# #.# #....##
##.# #.###########.####
#.###.###.## #.........##.....#
#.# ##.#.## #..........#...#.#
#.# ##.##


You could see Sigmund (caught).

Vanquished Creatures
  A dart slug (D:1)
  A bat (D:1)
  A giant cockroach (D:1)
  5 goblins (D:1)
  2 hobgoblins (D:1)
  2 kobolds (D:1)
  A rat (D:1)
13 creatures vanquished.

Notes
Turn   | Place    | Note
-------+----------+-------------------------------------------
     0 | D:1      | Frank2 the Demigod Gladiator began the quest for the Orb.
     0 | D:1      | Reached XP level 1. HP: 17/17 MP: 3/3
     2 | D:1      | Noticed a human
     2 | D:1      | Noticed a centaur
     4 | D:1      | Noticed an octopode
     4 | D:1      | Noticed a ghoul
     6 | D:1      | Noticed a troll
     6 | D:1      | Noticed a demigod
     8 | D:1      | Noticed a vampire
     8 | D:1      | Noticed a naga
    10 | D:1      | Noticed a halfling
    10 | D:1      | Noticed a dwarf
    12 | D:1      | Noticed a formicid
    12 | D:1      | Noticed a merfolk
    14 | D:1      | Noticed a minotaur
    14 | D:1      | Noticed a tengu
    16 | D:1      | Noticed a gargoyle
    18 | D:1      | Noticed a demonspawn
    20 | D:1      | Noticed an elf
    22 | D:1      | Noticed a spriggan
    24 | D:1      | Noticed a felid
    24 | D:1      | Noticed an ogre
    26 | D:1      | Noticed a vine stalker
    26 | D:1      | Noticed a draconian
   418 | D:1      | Reached XP level 2. HP: 24/24 MP: 4/4
  1126 | D:2      | Noticed Sigmund
  1126 | D:2      | Noticed Robin
  1133 | D:1      | Killed from afar by Sigmund

Skill      XL: |  1 |
---------------+----+-----
Dodging        | 3 |  3.0
Axes           | 3 |  3.0
Fighting       | |  1.8
Throwing       | |  1.7
Armour         | |  0.3

Action                   || total
-------------------------++-------
Melee: War axe           ||    27
Throw: Throwing net      ||     2
  Use: Scroll            ||     3
 Stab: Held in net/web   ||     1
Armor: Leather armour    ||     3
       Ring mail         ||     4
Dodge: Dodged            ||    19
